 Dungeon Crawl Stone Soup version 0.23.2-1-ga50397a6bc (webtiles) character file.

Game seed: 11712160043471939969

51 MachJacob the Chiller (level 3, -7/26 HPs)
             Began as a Draconian Ice Elementalist on Apr 27, 2019.
             Killed by nerve-wracking pain
             ... invoked by an orc priest
              (13 damage)
             ... on level 3 of the Dungeon.
             The game lasted 00:07:33 (1716 turns).

MachJacob the Chiller (Draconian Ice Elementalist)  Turns: 1716, Time: 00:07:34

Health: -7/26      AC:  5    Str: 10    XL:     3   Next: 57%
Magic:  4/6        EV: 12    Int: 16    God:
Gold:   42         SH:  0    Dex: 11    Spells: 3/6 levels left

rFire    . . .     SeeInvis .   i - +0 dagger
rCold    . . .     Gourm    .   (no shield)
rNeg     . . .     Faith    .   (armour unavailable)
rPois    .         Spirit   .   (helmet restricted)
rElec    .         Reflect  .   (no cloak)
rCorr    .         Harm     .   (no gloves)
MR       .....                  (no boots)
Stlth    ++........             (no amulet)
HPRegen  0.08/turn              (no ring)
MPRegen  0.10/turn              (no ring)

@: no status effects
A: unfitting armour, cold-blooded, AC +5
a: no special abilities


You were on level 3 of the Dungeon.
You were not hungry.

You visited 1 branch of the dungeon, and saw 3 of its levels.

You collected 42 gold pieces.

Inventory:

Hand Weapons
 i - a +0 dagger (weapon)
Armour
 d - a +0 pair of boots
Jewellery
 k - an uncursed ring of wizardry {unknown}
 l - a +4 ring of protection {unknown}
Scrolls
 c - a scroll of fear {unknown}
 e - a scroll of noise {unknown}
 f - a scroll of immolation {unknown}
 g - a scroll of fog {unknown}
Potions
 a - a potion of curing {unknown}
 h - 3 potions of lignification {unknown}
Comestibles
 b - 5 rations


   Skills:
 - Level 1.7 Dodging
 - Level 1.7 Stealth
 - Level 2.0 Spellcasting
 + Level 1.6 Conjurations
 * Level 4.4 Ice Magic


You had 3 spell levels left.
You knew the following spells:

 Your Spells              Type           Power        Failure   Level  Hunger
a - Freeze                Ice            ###.         3%          1    #......
b - Throw Frost           Conj/Ice       ##....       9%          2    ###....

Your spell library contained the following spells:

 Spells                   Type           Power        Failure   Level  Hunger
 Magic Dart               Conj           #...         11%         1    #......
 Ozocubu's Armour         Chrm/Ice       #.......     26%         3    ###....
 Blink                    Tloc           N/A          30%         2    ###....
 Call Imp                 Summ           #.......     30%         2    ###....
 Slow                     Hex            #.......     30%         2    ###....
 Conjure Flame            Conj/Fire      #.......     41%         3    ###....
 Mephitic Cloud           Conj/Pois/Air  #.......     45%         3    ###....
 Throw Icicle             Conj/Ice       ##......     52%         4    #####..
 Summon Ice Beast         Ice/Summ       #.......     63%         4    #####..


Dungeon Overview and Level Annotations

Branches:
Dungeon (3/15)

Altars:

Annotations:
D:2 Sigmund


Innate Abilities, Weirdness & Mutations

Your plain brown scales are hard. (AC +5)
You cannot fit into any form of body armour.
You are cold-blooded and may be slowed by cold attacks.


Message History

The orc priest shouts!
The orc priest begins to cast a cantrip, but forgets the words!
The orc priest hits you with a +0 club!
* * * LOW HITPOINT WARNING * * *
Casting: Freeze (safe; 3% risk of failure)
Confirm with . or Enter, or press ? or * to list all spells.
You don't know that spell.
Sorry, you're not good enough to have a special ability.
Unknown command.
Casting: Freeze (safe; 3% risk of failure)
Confirm with . or Enter, or press ? or * to list all spells.
Aiming: Freeze (safe; 3% risk of failure)
Press: ? - help, Shift-Dir - straight line, f/p - orc
Aim: an orc, wielding a +0 club (almost dead)
You freeze the orc!
You kill the orc!
The orc priest calls down the wrath of Beogh upon you.
Pain shoots through your body!
Ouch! That really hurt!
You die...

.....# ## #..< # ....#
.. #### ###...# .#
w..########### ..#
.#...).(o(...#####.#####
.###########.).(........
....# #####.######
.##... #)# .# ## #@# .#
#.o.# ## .......
#########


You could see an orc priest.

Vanquished Creatures
  2 adders (D:2)
  2 leopard geckos
  2 orcs (D:3)
  4 bats
  3 goblins
  5 hobgoblins
  5 kobolds
  A frilled lizard (D:2)
  6 rats
30 creatures vanquished.

Notes
Turn   | Place    | Note
-------+----------+-------------------------------------------
     0 | D:1      | MachJacob the Draconian Ice Elementalist began the quest
                  | for the Orb.
     0 | D:1      | Reached XP level 1. HP: 14/14 MP: 3/3
   295 | D:1      | Reached XP level 2. HP: 20/20 MP: 3/5
   716 | D:2      | Learned a level 2 spell: Throw Frost
   949 | D:2      | Reached skill level 4 in Ice Magic
  1196 | D:2      | Noticed Sigmund
  1243 | D:2      | Reached XP level 3. HP: 22/26 MP: 1/6
  1716 | D:3      | Killed from afar by an orc priest

Skill      XL: |  1  2 |
---------------+-------+-----
Ice Magic      | 4 |  4.4
Dodging        | |  1.7
Stealth        | |  1.7
Spellcasting   | |  2.0
Conjurations   | |  1.6

Action                   || total
-------------------------++-------
Melee: Dagger            ||     3
 Cast: Freeze            ||    46
       Throw Frost       ||     2
  Eat: Chunk             ||     3
Armor: Skin              ||     7
Dodge: Dodged            ||    17
